 Dungeon Crawl Stone Soup version 0.32-a0-468-g38b2580584 (webtiles) character file.

Game seed: 7400405744318694659

2668 CougarLife the Geomancer (level 9, -6/45 HPs)
             Began as a Gargoyle Earth Elementalist on Feb 24, 2024.
             Was a Follower of Vehumet.
             Mangled by a death yak (9 damage)
             ... on level 7 of the Dungeon.
             The game lasted 00:06:41 (6252 turns).

CougarLife the Geomancer (GrEE)                     Turns: 6252, Time: 00:06:42

Health: -6/45      AC:  8    Str: 13    XL:     9   Next: 63%
Magic:  3/28       EV: 11    Int: 19    God:    Vehumet [*.....]
Gold:   294        SH:  0    Dex: 10    Spells: 18/22 levels left

rFire   . . .        t - +3 dagger
rCold   + . .        (no shield)
rNeg    + . .        a - +0 robe
rPois   ∞            (no helmet)
rElec   +            (no cloak)
rCorr   .            (no gloves)
SInv    .            (no boots)
Will    .....        d - amulet of regeneration
Stlth   ++           s - ring of protection from cold
HPRegen 1.07/turn    D - ring of magical power
MPRegen 0.21/turn

%: no passive effects
@: no status effects
A: sickness immunity, AC +6, negative energy resistance 1, electricity
resistance, torment resistance 1, petrification resistance
a: Renounce Religion


You were on level 7 of the Dungeon.
You worshipped Vehumet.
Vehumet was aware of your devotion.
You visited 2 branches of the dungeon, and saw 9 of its levels.

You collected 294 gold pieces.

Inventory:

Hand Weapons
 t - a +3 dagger (weapon)
Armour
 a - a +0 robe (worn)
Jewellery
 d - an amulet of regeneration (around neck)
 s - a ring of protection from cold (left hand)
 D - a ring of magical power (right hand)
Wands
 w - a wand of charming (7)
 y - a wand of digging (8)
 A - a wand of iceblast (14)
Scrolls
 e - 2 scrolls of revelation {unknown}
 f - 4 scrolls of identify {unknown}
 g - 4 scrolls of teleportation {unknown}
 i - 2 scrolls of enchant weapon {unknown}
 k - 2 scrolls of noise {unknown}
 m - 3 scrolls of fear {unknown}
 p - a scroll of amnesia {unknown}
 q - a scroll of blinking {unknown}
 x - a scroll of brand weapon {unknown}
 z - a scroll of immolation {unknown}
 B - 2 scrolls of enchant armour {unknown}
 E - a scroll of fog {unknown}
Potions
 b - 2 potions of magic
 c - a potion of heal wounds {unknown}
 h - a potion of might {unknown}
 j - 2 potions of mutation {unknown}
 l - 2 potions of attraction {unknown}
 n - a potion of enlightenment {unknown}
 o - a potion of berserk rage {unknown}
 r - 2 potions of brilliance {unknown}
 u - 3 potions of curing {unknown}
 v - 3 potions of haste {unknown}
 C - a potion of lignification {unknown}


   Skills:
 - Level 1.5 Dodging
 - Level 2.1 Stealth
 + Level 7.1 Spellcasting
 + Level 8.1 Conjurations
 + Level 9.5 Earth Magic


You had 18 spell levels left.
You knew the following spells:

 Your Spells              Type           Power      Damage    Failure   Level
a - Sandblast             Erth           86%        2d18      1%          1
b - Stone Arrow           Conj/Erth      80%        3d12      1%          3

Your spell library contained the following spells:

 Spells                   Type           Power      Damage    Failure   Level
 Freeze                   Ice            24%        1d4       10%         1
 Magic Dart               Conj           100%       1d8       1%          1
 Passwall                 Erth           43%        N/A       1%          3
 Brom's Barrelling Bould  Conj/Erth      40%        2d6       2%          4
 Dazzling Flash           Conj/Hex       44%        N/A       5%          3
 Mephitic Cloud           Conj/Alch/Air  17%        N/A       10%         3
 Petrify                  Alch/Erth      25%        N/A       14%         4
 Blink                    Tloc           12%        N/A       16%         2
 Call Imp                 Summ           12%        N/A       16%         2
 Fulminant Prism          Conj/Alch      11%        3d9       19%         4
 Iskenderun's Mystic Bla  Conj/Tloc      22%        2d6       19%         4
 Volatile Blastmotes      Fire/Tloc      12%        2d11      30%         3
 Curse of Agony           Necr           6%         N/A       95%         5
 Silence                  Hex/Air        3%         N/A       95%         5
 Starburst                Conj/Fire      11%        6d5       96%         6
 Maxwell's Capacitive Co  Air            3%         ∞         100%        8


Dungeon Overview and Level Annotations

Branches:
Dungeon (8/15)             Temple (1/1) D:4
   Lair: D:8-11

Altars:
Ashenzari
Cheibriados
Dithmenos
Hepliaklqana
Kikubaaqudgha
Makhleb
Okawaru
Qazlal
Ru
Sif Muna
Trog
Uskayaw
Vehumet
Wu Jian
Yredelemnul

Shops:
D:4 (


Innate Abilities, Weirdness & Mutations

You are immune to sickness and miasma.
Your stone body is resilient. (AC +6)
You are immune to poison.
You resist negative energy. (rN+)
You are resistant to electric shocks. (rElec)
You are resistant to unholy torment.
You are immune to petrification.


Message History

Press: ? - help, Shift-Dir - straight line, f - death yak
Aim: a death yak (92% to hit)
The stone arrow hits the death yak!!
The death yak is moderately wounded.
The death yak gores you!!
Casting: Stone Arrow (safe; 1% risk of failure)
Confirm with . or Enter, or press ? or * to list all spells.
Aiming: Stone Arrow (safe; 1% risk of failure)
Press: ? - help, Shift-Dir - straight line, f/p - death yak
Aim: a death yak (moderately wounded, 92% to hit)
The stone arrow hits the death yak!!
The death yak is heavily wounded.
The death yak snorts and paws the ground.
The death yak gores you but does no damage.
Casting: Stone Arrow (safe; 1% risk of failure)
Confirm with . or Enter, or press ? or * to list all spells.
Aiming: Stone Arrow (safe; 1% risk of failure)
Press: ? - help, Shift-Dir - straight line, f/p - death yak
Aim: a death yak (heavily wounded, 92% to hit)
The stone arrow hits the death yak!
The death yak is severely wounded.
The death yak gores you!
Casting: Stone Arrow (safe; 1% risk of failure)
Confirm with . or Enter, or press ? or * to list all spells.
Aiming: Stone Arrow (safe; 1% risk of failure)
Press: ? - help, Shift-Dir - straight line, f/p - death yak
Aim: a death yak (severely wounded, 92% to hit)
The stone arrow hits the death yak!!
The death yak is almost dead.
The death yak gores you!!
* * * LOW HITPOINT WARNING * * *
Casting: Stone Arrow (safe; 1% risk of failure)
Confirm with . or Enter, or press ? or * to list all spells.
Aiming: Stone Arrow (safe; 1% risk of failure)
Press: ? - help, Shift-Dir - straight line, f/p - death yak
Aim: a death yak (almost dead, 92% to hit)
The stone arrow hits the death yak.
The death yak is almost dead.
The death yak gores you!
You die...

...###############...##..#...####
#### ###.##..#.......
#.##..#....... #.##..#.......
#............. ##.....#......#
####....##.......#
##....#..##.......#
###Y@###......#.....# ####...##
#....###.....# #....###
#............#
#.#########............# #######
#.####.................. .|....#
##.##........#.###.......
......###.....#.###..#.###.......
.....>....#####......#.##...<.[..
.........#######.###.............


You could see a death yak.

Vanquished Creatures
  Jeremiah (D:6)
  A yak (D:8)
  Menkaure (D:5)
  Edmund (D:6)
  2 water moccasins
  A black bear (D:3)
  A sky beast (D:6)
  3 ogres (D:5)
  A centaur (D:8)
  3 bullfrogs
  3 scorpions
  3 wights (D:7)
  4 killer bees (D:7)
  A howler monkey (D:7)
  2 hounds
  2 orc priests
  3 iguanas
  2 orc wizards
  3 sleepcaps
  Ijyb (D:5)
  9 adders
  A white imp (D:7)
  2 ufetubi (D:4)
  4 ribbon worms
  5 dart slugs
  13 orcs
  6 endoplasms
  A giant cockroach (D:1)
  11 goblins
  9 hobgoblins
  4 jackals (D:5)
  2 quokkas
  6 ball pythons
  5 bats
  4 frilled lizards
  10 kobolds
  5 rats
136 creatures vanquished.

Notes
Turn   | Place    | Note
-------+----------+-------------------------------------------
     0 | D:1      | CougarLife the Gargoyle Earth Elementalist began the quest
                  | for the Orb.
     0 | D:1      | Reached XP level 1. HP: 10/10 MP: 3/3
   135 | D:1      | Reached XP level 2. HP: 14/15 MP: 0/5
   233 | D:1      | Reached skill level 4 in Earth Magic
   352 | D:1      | Reached XP level 3. HP: 19/19 MP: 2/6
   437 | D:1      | Found a faded altar of an unknown god.
  1078 | D:2      | Reached XP level 4. HP: 22/24 MP: 0/8
  1171 | D:2      | Found an iron altar of Okawaru.
  1566 | D:3      | Found a sacrificial altar of Ru.
  1577 | D:3      | Found a snail-covered altar of Cheibriados.
  1848 | D:3      | Reached XP level 5. HP: 28/28 MP: 6/9
  2361 | D:3      | Learned a level 3 spell: Stone Arrow
  2362 | D:4      | Noticed a black bear
  2383 | D:3      | Killed a black bear
  2384 | D:3      | Reached skill level 5 in Earth Magic
  2384 | D:3      | Reached XP level 6. HP: 12/32 MP: 0/11
  3011 | D:4      | Found a staircase to the Ecumenical Temple.
  3047 | D:4      | Found Yluw's Antique Weapon Shop.
  3077 | Temple   | Entered the Ecumenical Temple
  3083 | Temple   | Became a worshipper of Vehumet
  3389 | D:5      | Entered Level 5 of the Dungeon
  3507 | D:5      | Reached skill level 6 in Earth Magic
  3535 | D:5      | Noticed Ijyb
  3563 | D:5      | Killed Ijyb
  3564 | D:5      | Reached XP level 7. HP: 33/36 MP: 10/13
  3892 | D:5      | Noticed Menkaure
  3895 | D:5      | Killed Menkaure
  3898 | D:5      | Reached skill level 5 in Conjurations
  4282 | D:5      | Reached skill level 5 in Spellcasting
  4282 | D:5      | Reached skill level 7 in Earth Magic
  4282 | D:5      | Reached XP level 8. HP: 4/41 MP: 9/15
  4476 | D:6      | Noticed Edmund
  4508 | D:6      | Killed Edmund
  4715 | D:6      | Noticed Jeremiah
  4776 | D:6      | Killed Jeremiah
  4777 | D:6      | Reached skill level 8 in Earth Magic
  4777 | D:6      | Reached XP level 9. HP: 35/45 MP: 4/18
  4888 | D:6      | Reached * piety under Vehumet
  4888 | D:6      | Offered knowledge of Freeze by Vehumet.
  4914 | D:6      | Found a basalt altar of Yredelemnul.
  5418 | D:7      | Reached skill level 9 in Earth Magic
  5633 | D:7      | Found a hazy altar of Hepliaklqana.
  5879 | D:7      | Found a shimmering blue altar of Sif Muna.
  6203 | D:8      | Noticed a death yak
  6251 | D:7      | HP: 2/45 [death yak (19)]
  6252 | D:7      | Mangled by a death yak

Illustrated notes

Levels and vault maps discovered:
D:1:      dpeg_arrival_orchard, layout_rooms,
          hellmonk_ecumenical_altar_inner_sanctum,
          chequers_serial_rivers_room_a, minmay_vboxes
D:2:      layout_rooms, basic_altar
D:3:      layout_loops_ring, mainiacjoe_overflow_big_doors
D:4:      layout_basic, minmay_temple_entry_stoned_glass, serial_aquarium,
          aquarium_bridge_long_joined [aquarium_subvault_wall,
          aquarium_subvault_wall, aquarium_subvault_window,
          aquarium_subvault_window, aquarium_subvault_bridge,
          aquarium_subvault_bridge], aquarium_bridge_square
          [aquarium_subvault_bridge, aquarium_subvault_bridge,
          aquarium_subvault_balcony, aquarium_subvault_balcony],
          aquarium_window_fake, aquarium_window_1, aquarium_window_2,
          aquarium_window_1, aquarium_view_2c, aquarium_view_2c,
          aquarium_balcony_3b, aquarium_pool_side, serial_shops,
          nicolae_stop_n_shop_1
D:5:      layout_loops_corners, uniq_ijyb, uniq_menkaure
D:6:      layout_cave_pools, yredelemnul_altar_generic, uniq_edmund,
          uniq_jeremiah
D:7:      layout_rooms, hellmonk_sif_muna_bookshelves, lemuel_doored_altar
D:8:      layout_loops_ring, mainiacjoe_overflow_alcove_1,
          nemelex_diamond_rough_becter, dpeg_lair_monsters,
          roderic_serpentine_path
Temple:   eino_wide_crystal_templ

Skill      XL: |  1  2  3  4  5  6  7  8  9 |
---------------+----------------------------+-----
Earth Magic    | 4 5 6 7 8 9 |  9.5
Conjurations   | 2 3 4 5 7 8 |  8.1
Spellcasting   | 3 4 5 6 7 |  7.1
Dodging        | |  1.5
Stealth        | |  2.1

Action                     |  1- 3 |  4- 6 |  7- 9 || total
---------------------------+-------+-------+-------++-------
  Melee: Unarmed           |    15 |       |       ||    15
         Dagger            |    28 |    30 |     7 ||    65
   Cast: Sandblast         |    55 |    62 |   101 ||   218
         Stone Arrow       |       |     4 |    25 ||    29
 Armour: Robe              |    42 |    64 |    83 ||   189
  Dodge: Dodged            |    31 |    58 |    53 ||   142

Table legend: (Time is in decaauts)
 A = Elapsed time spent in this place.
 B = Non-inter-level travel time spent in this place.
 C = Inter-level travel time spent in this place.
 D = Time resting spent in this place.
 E = Time spent auto-exploring this place.
 F = Levels seen in this place.
 G = Mean time per level.
                   A        B        C        D        E       F      G
               +--------+--------+--------+--------+--------+-----+--------+
         Total |   6362 |   6152 |    210 |    679 |   4511 |   9 |  706.9 |
       Dungeon |   6350 |   6145 |    205 |    679 |   4511 |   8 |  793.8 |
        Temple |     12 |      7 |      5 |      0 |      0 |   1 |   12.0 |
               +--------+--------+--------+--------+--------+-----+--------+

Top non-repeatable levels by time:
     D:5: 1211 daAuts
     D:3: 1017 daAuts
     D:4: 915 daAuts
     D:6: 817 daAuts
     D:2: 786 daAuts
     D:7: 775 daAuts
     D:1: 709 daAuts
     D:8: 117 daAuts
  Temple: 12 daAuts
